 Dungeon Crawl Stone Soup version 0.28-a0-674-gdaf460b524 (webtiles) character file.

Game seed: 13479996884400010801

1153 andesha the Firebug (level 8, -4/58 HPs)
             Began as a Human Cinder Acolyte on Oct 17, 2021.
             Was a High Priest of Ignis.
             Slain by an orc warrior (20 damage)
             ... on level 6 of the Dungeon.
             The game lasted 00:18:37 (5929 turns).

andesha the Firebug (Human Cinder Acolyte)          Turns: 5929, Time: 00:18:37

Health: -4/58      AC:  5    Str: 15    XL:     8   Next: 65%
Magic:  1/16       EV: 11    Int: 16    God:    Ignis [*****.]
Gold:   222        SH:  0    Dex:  9    Spells: 16/18 levels left

rFire   + . .      SeeInvis .   a - -1 spear (flame)
rCold   . . .      Faith    .   (no shield)
rNeg    . . .      Spirit   .   b - +0 robe
rPois   .          Reflect  .   (no helmet)
rElec   .          Harm     .   e - +2 cloak
rCorr   .          Rampage  .   (no gloves)
Will    .....                   (no boots)
Stlth   +.........              (no amulet)
HPRegen 0.19/turn               (no ring)
MPRegen 0.15/turn               (no ring)

@: about to teleport
A: no striking features
a: Renounce Religion, Sea of Fire, Foxfire Swarm, Rising Flame


You were on level 6 of the Dungeon.
You worshipped Ignis.
Ignis was extremely pleased with you.
You visited 1 branch of the dungeon, and saw 6 of its levels.

You collected 222 gold pieces.

Inventory:

Hand Weapons
 a - a -1 spear of flaming (weapon)
Missiles
 k - 113 stones (quivered)
Armour
 b - a +0 robe (worn)
 e - a +2 cloak (worn)
Wands
 m - a wand of iceblast (11)
Scrolls
 j - a scroll of blinking {unknown}
 o - a scroll of amnesia
 p - 2 scrolls of identify
 q - a scroll of summoning {unknown}
Potions
 c - a potion of lignification {unknown}
 d - 2 potions of resistance {unknown}
 f - a potion of curing {unknown}
 g - a potion of magic {unknown}
 h - 2 potions of heal wounds
 i - a potion of brilliance {unknown}
 n - a potion of haste {unknown}


   Skills:
 + Level 3.5 Fighting
 + Level 4.2 Polearms
 + Level 1.5 Dodging
 + Level 1.2 Stealth
 + Level 5.7 Spellcasting
 + Level 6.5 Fire Magic
 + Level 0.5 Evocations


You had 16 spell levels left.
You knew the following spells:

 Your Spells              Type           Power      Damage    Failure   Level
a - Scorch                Fire           50%        2d7       1%          2

Your spell library contained the following spells:

 Spells                   Type           Power      Damage    Failure   Level
 Static Discharge         Conj/Air       4%         N/A       22%         2
 Gell's Gravitas          Tloc           2%         N/A       38%         3
 Lesser Beckoning         Tloc           4%         N/A       38%         3
 Swiftness                Air            4%         N/A       38%         3
 Teleport Other           Tloc           4%         N/A       38%         3
 Lightning Bolt           Conj/Air       2%         1d13      98%         5
 Silence                  Hex/Air        2%         N/A       98%         5
 Maxwell's Capacitive Co  Air            2%         ∞         100%        8


Dungeon Overview and Level Annotations

Branches:
Dungeon (6/15)             Temple (0/1) D:5

Altars:
Ru
The Shining One


Message History

The orc warrior hits you with a +0 battleaxe.
Casting: Scorch (safe; 1% risk of failure)
Confirm with . or Enter, or press ? or * to list all spells.
Flames lash the orc wizard.
The orc wizard is heavily wounded.
The orc wizard's fire resistance burns away.
The orc warrior closely misses you.
Casting: Scorch (safe; 1% risk of failure)
Confirm with . or Enter, or press ? or * to list all spells.
Flames lash the orc warrior.
The orc warrior is moderately wounded.
The orc warrior's fire resistance burns away.
The orc wizard hits you with a +0 dagger.
The orc warrior hits you with a +0 battleaxe!!
Casting: Scorch (safe; 1% risk of failure)
Confirm with . or Enter, or press ? or * to list all spells.
Flames lash the orc wizard.
The orc wizard is burned terribly!
The orc wizard is severely wounded.
The orc wizard hits you with a +0 dagger.
The orc warrior barely misses you.
Casting: Scorch (safe; 1% risk of failure)
Confirm with . or Enter, or press ? or * to list all spells.
Flames lash the orc wizard.
The orc wizard is burned terribly!
You kill the orc wizard!
The orc warrior misses you.
Casting: Scorch (safe; 1% risk of failure)
Confirm with . or Enter, or press ? or * to list all spells.
You don't have enough magic to cast this spell.
Unknown command.
As you read the scroll of teleportation, it crumbles to dust.
You feel strangely unstable.
The orc warrior is no longer more vulnerable to fire.
The orc warrior hits you with a +0 battleaxe!
* * * LOW HITPOINT WARNING * * *
You hit the orc warrior. You burn the orc warrior.
The orc warrior is moderately wounded.
The orc warrior barely misses you. The orc warrior barely misses you.
The orc warrior hits you with a +0 battleaxe!!
You die...

#..# #. #..# #[
.... #. #..# #.
#..# #.# #..# #
##.###.o####.##
.
##...##.@).)....
#.
#..#.....###....
##.###....#####
# ##...#....###
#...........#
#....#....#.# .
#.#.###.#.#.#
..#....##.#.#.#
.....#....#.#.#


You could see an orc warrior.

Vanquished Creatures
  2 water moccasins (D:4)
  An ice beast (D:5)
  An ogre (D:5)
  A scorpion (D:5)
  A water moccasin skeleton (D:5)
  2 jellies
  2 orc priests
  A hound (D:5)
  A centaur skeleton (D:5)
  A gnoll shaman (D:4)
  3 iguanas
  3 orc wizards
  A hound skeleton (D:4)
  2 howler monkey skeletons
  8 adders
  5 gnolls (D:4)
  2 worms
  2 dart slugs
  11 orcs
  12 ball pythons
  9 endoplasms
  2 giant cockroaches (D:2)
  9 hobgoblins
  7 jackals
  3 quokkas
  9 bats
  2 frilled lizards (D:2)
  3 goblins
  10 kobolds
  6 rats
122 creatures vanquished.

Notes
Turn   | Place    | Note
-------+----------+-------------------------------------------
     0 | D:1      | andesha the Human Cinder Acolyte began the quest for the
                  | Orb.
     0 | D:1      | Reached XP level 1. HP: 18/18 MP: 2/2
   217 | D:1      | Reached XP level 2. HP: 24/24 MP: 3/3
   220 | D:1      | Learned a level 2 spell: Scorch
   442 | D:1      | Got the Handbook of the Birds
   789 | D:1      | Reached XP level 3. HP: 29/29 MP: 1/4
  1142 | D:2      | Reached XP level 4. HP: 31/35 MP: 0/5
  1801 | D:2      | Reached skill level 4 in Fire Magic
  2238 | D:3      | Noticed a great orb of eyes
  2256 | D:3      | Reached XP level 5. HP: 38/41 MP: 4/7
  2262 | D:3      | Found a faded altar of an unknown god.
  2267 | D:3      | Noticed a golden eye
  2267 | D:3      | Noticed a great orb of eyes
  2267 | D:3      | Noticed a great orb of eyes
  2558 | D:3      | Found a glowing golden altar of the Shining One.
  3435 | D:4      | Noticed a water moccasin
  3449 | D:4      | Reached XP level 6. HP: 28/47 MP: 4/9
  3451 | D:4      | Killed a water moccasin
  3777 | D:4      | Reached skill level 5 in Fire Magic
  3792 | D:4      | Reached XP level 7. HP: 39/52 MP: 2/11
  4047 | D:4      | Noticed a water moccasin
  4054 | D:4      | Killed a water moccasin
  4554 | D:5      | Entered Level 5 of the Dungeon
  4674 | D:5      | Reached XP level 8. HP: 56/58 MP: 6/15
  4787 | D:5      | Reached skill level 5 in Spellcasting
  4828 | D:5      | Reached skill level 1 in Dodging
  4828 | D:5      | Reached skill level 6 in Fire Magic
  5149 | D:5      | Found a staircase to the Ecumenical Temple.
  5175 | D:5      | Reached skill level 1 in Stealth
  5789 | D:5      | Found a sacrificial altar of Ru.
  5929 | D:6      | Slain by an orc warrior

Illustrated notes

Levels and vault maps discovered:
D:1:      evilmike_arrival_rings, layout_basic
D:2:      layout_basic, kennysheep_small_spiral, minivault_26,
          chequers_serial_rivers_micro_c, minmay_cupped
D:3:      layout_loops_ring, nicolae_overflow_crystal_walls,
          hellmonk_ecumenical_altar_watching_god, columned_hall_lemuel,
          kennysheep_boxes
D:4:      layout_basic, minmay_fractal_squares_5
D:5:      layout_loops_ring, nicolae_overflow_hidden_temple,
          minmay_temple_entry_statues, chequers_serial_rivers_micro_d
D:6:      layout_loops_ring, lemuel_crystal_altar

Skill      XL: |  1  2  3  4  5  6  7  8 |
---------------+-------------------------+-----
Fire Magic     | 4 5 6 |  6.5
Spellcasting   | 2 3 4 5 |  5.7
Polearms       | 4 |  4.2
Dodging        | 1 |  1.5
Stealth        | 1 |  1.2
Fighting       | |  3.5
Evocations     | |  0.5

Action                   |  1- 3 |  4- 6 |  7- 9 || total
-------------------------+-------+-------+-------++-------
Melee: Spear             |    71 |    79 |    39 ||   189
Throw: Stone             |       |       |     2 ||     2
 Cast: Scorch            |    16 |    50 |    68 ||   134
Invok: Sea of Fire       |       |     1 |       ||     1
Evoke: Wand              |       |     9 |     3 ||    12
  Use: Scroll            |       |     4 |     5 ||     9
Armor: Robe              |    29 |    18 |     6 ||    53
Dodge: Dodged            |    37 |    49 |    27 ||   113

Table legend: (Time is in decaauts)
 A = Elapsed time spent in this place.
 B = Non-inter-level travel time spent in this place.
 C = Inter-level travel time spent in this place.
 D = Time resting spent in this place.
 E = Time spent auto-exploring this place.
 F = Levels seen in this place.
 G = Mean time per level.
                   A        B        C        D        E       F      G
               +--------+--------+--------+--------+--------+-----+--------+
         Total |   5914 |   5763 |    151 |    970 |   3929 |   6 |  985.7 |
       Dungeon |   5914 |   5763 |    151 |    970 |   3929 |   6 |  985.7 |
               +--------+--------+--------+--------+--------+-----+--------+

Top non-repeatable levels by time:
     D:4: 1525 daAuts
     D:5: 1339 daAuts
     D:1: 1052 daAuts
     D:2: 1030 daAuts
     D:3: 932 daAuts
     D:6: 33 daAuts
